Map: Ephemeron LE

Players

LiquidTLO (TLO) - Winner!

  • Race: Zerg Zerg
  • League: Master
  • Spawn Location: 11:00

llllllllllll (Oliveira)

  • Race: Terran Terran
  • League: Master
  • Spawn Location: 5:00

Event: HomeStory Cup XX

VOD

Have the link to the VOD?

Description

Time

  • Played on: Nov. 21, 2019, 8:40 a.m.
  • Length: 3:49

All games in this series

Show
View Real Time Build Order
Export as new Build Order

LiquidTLO Zerg - Winner!

Build Orders: Pool First 

Get SALT Encoding   

  12  0:00  Drone  
  13  0:13  Overlord  
  13  0:17  Drone  
  14  0:31  Drone x2  
  16  0:41  Spawning Pool  
  15  0:45  Drone  
  16  0:54  Drone  
  17  1:10  Hatchery  
  16  1:14  Extractor  
  15  1:20  Drone  
  16  1:29  Zergling x4  
  16  1:32  Zergling x2  
  19  1:37  Roach Warren  
  18  1:49  Queen  
  20  1:57  Overlord  
  20  2:04  Drone  
  21  2:18  Roach x2  
  21  2:22  Roach  
  27  2:27  Roach  
  29  2:42  Queen  
  31  2:46  Drone  
  31  2:47  Ravager  
  32  2:56  Overlord  
  30  2:59  Drone  
  30  3:01  Drone  
  32  3:11  Drone  
  33  3:15  Ravager  
  33  3:16  Drone  
  33  3:17  Drone  
  36  3:20  Drone  
  36  3:21  Drone  
  38  3:27  Drone  
  38  3:28  Drone  
  38  3:31  Drone  
  41  3:34  Drone  
  41  3:37  Drone  
Show
View Real Time Build Order
Export as new Build Order

llllllllllll Terran 

Build Orders: Reaper Expand 

Get SALT Encoding   

  12  0:00  SCV  
  13  0:13  SCV  
  14  0:17  Supply Depot  
  14  0:25  SCV  
  15  0:38  SCV  
  15  0:40  Barracks  
  16  0:43  Refinery  
  16  0:50  SCV  
  17  1:03  SCV  
  18  1:15  SCV  
  19  1:27  Reaper  
  19  1:28  Orbital Command  
  20  1:40  Command Center  
  20  1:50  Supply Depot  
  20  1:54  SCV  
  20  1:59  Marine  
  22  2:06  SCV  
  23  2:09  Factory  
  23  2:12  Refinery  
  23  2:18  SCV  
  23  2:20  Barracks Reactor  
  24  2:30  SCV  
  25  2:42  SCV  
  26  2:54  SCV  
  27  3:04  Starport  
  27  3:07  Orbital Command  
  27  3:12  Hellion  
  30  3:15  Hellion  
  30  3:16  Marine  
  31  3:20  Bunker  
  31  3:24  SCV  
Tags
 
Add a new tag
Caveats
  • Supply blocks, unpowered buildings, or Contaminate may cause inaccurate times.
  • Supply counts are checked every 10 seconds.